cohdb
Replays
Latest Replays
All Replays
Popular Replays
Top Player Replays
Match Explorer
How It Works
Community
CoH3 Stats
Reddit
Sign in to upload your games and track your stats! →
Sign in with Steam
Match 42177076
Unlisted
Match 42177076
Overview
Messages
Build Orders
End
Pioneer Squad
Pioneer Squad
Construct Infanterie Kompanie
MG 42 Machine Gun Team
Grenadier Squad
Grenadier Squad
Construct Panzergrenadier Kompanie
251 Medium Carrier
Panzergrenadier Squad
Pak 40 Anti-tank Gun Team
Medical Bunker
Selects Mechanized Battlegroup
Selects Raid Package
Selects StuG Assault Group
StuG Assault Group
Selects Mobile Repair Stations
Construct Panzer Kompanie
Panzer IV Medium Tank
Sturmpanzer IV Brummbär
Repair Bunker
Stoßtruppen Squad
Selects UNKNOWN (2160084)
Selects Stoßtruppen Assault Package
Selects Zeroing Artillery Barrage
Zeroing Artillery Barrage
Panzer Officer Quarters
Side Skirts
Nubbl0r
jessyjames
0
0
Comments
sign in to comment!
No comments posted yet!